IL
LOUISVILLE BATS @ RENO ACES
08/22/2047
 
TOP OF THE 1ST
Louisville Bats batting - Pitching for Reno Aces : RHP Marcos Tejeda
Pitching: RHP Marcos Tejeda
Batting: SHB Bryan Johnston 0-0: Ball
1-0: Foul Ball, location: 2F
1-1: Foul Ball, location: 2F
1-2: Strikes out swinging
Batting: RHB Won-jun Park 0-0: Foul Ball, location: 2F
0-1: SINGLE (Groundball, 5D, EV 101.9 MPH)
Batting: LHB Randy Racine 0-0: Ball
1-0: Foul Ball, location: 2F
1-1: DOUBLE (Flyball, 8LXD, EV 96.9 MPH)
Won-jun Park to third
Batting: RHB Juan Reyes 0-0: Ground out 6-3 (Groundball, 6, EV 85.0 MPH)
Won-jun Park scores
Randy Racine to third
Batting: RHB Chase Briney 0-0: Called Strike
0-1: Swinging Strike
0-2: Strikes out swinging
Top of the 1st over - 1 run, 2 hits, 0 errors, 1 left on base; Louisville 1 - Reno 0
BOTTOM OF THE 1ST
Reno Aces batting - Pitching for Louisville Bats : RHP Justin Ezzell
Pitching: RHP Justin Ezzell
Batting: RHB Ruben Garza 0-0: Ball
1-0: Foul Ball, location: 2F
1-1: Ball
2-1: Called Strike
2-2: Foul Ball, location: 2F
2-2: Ball
3-2: SINGLE (Groundball, 6MD, EV 94.4 MPH)
Batting: SHB Carlos Rodriguez 0-0: Ball
1-0: Ball
2-0: SINGLE (Groundball, 6S, EV 65.6 MPH) (infield hit)
Ruben Garza to second
Batting: LHB Bobby Arevalo 0-0: Ball
1-0: Called Strike
1-1: Ball
2-1: Ball
3-1: Base on Balls
Ruben Garza to third
Carlos Rodriguez to second
Batting: RHB Ji-an Li 0-0: Ball
1-0: Ball
2-0: Ball
3-0: Base on Balls
Ruben Garza scores
Carlos Rodriguez to third
Bobby Arevalo to second
Batting: LHB Ian Jarvis 0-0: DOUBLE (Line Drive, 9LM, EV 105.0 MPH)
Carlos Rodriguez scores
Bobby Arevalo scores
Ji-an Li to third
Batting: LHB Steve Reinhart 0-0: Foul Ball, location: 2F
0-1: Ball
1-1: Swinging Strike
1-2: Fly out, F7 (Flyball, 7, EV 83.8 MPH)
Runner from 3rd tags up, SCORES, no throw by LF
Batting: RHB Seth Tramontano 0-0: Foul Ball, location: 2F
0-1: Called Strike
0-2: Ball
1-2: Ball
2-2: Ball
3-2: Foul Ball, location: 2F
3-2: Foul Ball, location: 2F
3-2: Strikes out swinging
Batting: RHB Xavier Castellanos 0-0: Called Strike
0-1: Ball
1-1: Ball
2-1: Fly out, F7 (Flyball, 7LM, EV 95.6 MPH)
Bottom of the 1st over - 4 runs, 3 hits, 0 errors, 1 left on base; Louisville 1 - Reno 4
TOP OF THE 2ND
Louisville Bats batting - Pitching for Reno Aces : RHP Marcos Tejeda
Batting: LHB Satoru Handa 0-0: Ball
1-0: Ground out U3 (Groundball, 34, EV 101.9 MPH)
Batting: RHB Colin Lord 0-0: Ball
1-0: Ball
2-0: Ball
3-0: Called Strike
3-1: Base on Balls
Batting: RHB Ryan Short 0-0: DOUBLE (Flyball, 8LD, EV 90.0 MPH)
Colin Lord to third
Colin Lord scores
Batting: RHB Dave Ruiz 0-0: Called Strike
0-1: Fly out, F7 (Line Drive, 7, EV 88.8 MPH)
Batting: SHB Bryan Johnston 0-0: Ball
1-0: Ball
2-0: Ball
3-0: Base on Balls
Batting: RHB Won-jun Park 0-0: Ball
1-0: Swinging Strike
1-1: Called Strike
1-2: SINGLE (Groundball, 4MD, EV 99.4 MPH)
Ryan Short to third
Bryan Johnston to second
Throwing error, E8
Ryan Short scores
Bryan Johnston to third
Won-jun Park to second
Batting: LHB Randy Racine 0-0: Swinging Strike
0-1: Swinging Strike
0-2: Ball
1-2: Ball
2-2: Strikes out swinging
Top of the 2nd over - 2 runs, 2 hits, 1 error, 2 left on base; Louisville 3 - Reno 4
BOTTOM OF THE 2ND
Reno Aces batting - Pitching for Louisville Bats : RHP Justin Ezzell
Batting: RHB Marlon Reda 0-0: Ball
1-0: Foul Ball, location: 2F
1-1: Fly out, F9 (Flyball, 9, EV 71.2 MPH)
Batting: RHB Ruben Garza 0-0: Foul Ball, location: 2F
0-1: Ball
1-1: Foul Ball, location: 2F
1-2: Ball
2-2: DOUBLE (Line Drive, 89D, EV 111.2 MPH)
Batting: SHB Carlos Rodriguez 0-0: Fly out, F8 (Flyball, 8RM, EV 76.2 MPH)
Batting: LHB Bobby Arevalo 0-0: Ball
1-0: Ball
2-0: Ball
3-0: Called Strike
3-1: Foul Ball, location: 2F
3-2: Strikes out looking
Bottom of the 2nd over - 0 runs, 1 hit, 0 errors, 1 left on base; Louisville 3 - Reno 4
TOP OF THE 3RD
Louisville Bats batting - Pitching for Reno Aces : RHP Marcos Tejeda
Batting: RHB Juan Reyes 0-0: Called Strike
0-1: Swinging Strike
0-2: Foul Ball, location: 2F
0-2: Ball
1-2: Ball
2-2: Strikes out swinging
Batting: RHB Chase Briney 0-0: Ball
1-0: Foul Ball, location: 2F
1-1: Fly out, F9 (Flyball, 89XD, EV 93.1 MPH)
Batting: LHB Satoru Handa 0-0: Ground out 6-3 (Groundball, 6M, EV 88.1 MPH)
Top of the 3rd over - 0 runs, 0 hits, 0 errors, 0 left on base; Louisville 3 - Reno 4
BOTTOM OF THE 3RD
Reno Aces batting - Pitching for Louisville Bats : RHP Justin Ezzell
Batting: RHB Ji-an Li 0-0: Ball
1-0: Ball
2-0: SINGLE (Line Drive, 78S, EV 88.1 MPH)
Batting: LHB Ian Jarvis 0-0: Ball
1-0: Ball
Ji-an Li steals 2nd base
2-0: Ball
3-0: Base on Balls
Batting: LHB Steve Reinhart 0-0: Ball
1-0: Fly out, F8 (Flyball, 8RD, EV 100.6 MPH)
Batting: RHB Seth Tramontano 0-0: Called Strike
Ji-an Li is caught stealing 3rd base 2-5
0-1: Foul Ball, location: 2F
0-2: Foul Ball, location: 2F
0-2: Strikes out swinging
Bottom of the 3rd over - 0 runs, 1 hit, 0 errors, 1 left on base; Louisville 3 - Reno 4
TOP OF THE 4TH
Louisville Bats batting - Pitching for Reno Aces : RHP Marcos Tejeda
Batting: RHB Colin Lord 0-0: Called Strike
0-1: Ball
1-1: Called Strike
1-2: Ball
2-2: Foul Ball, location: 2F
2-2: Foul Ball, location: 2F
2-2: Strikes out looking
Batting: RHB Ryan Short 0-0: Ground out 6-3 (Groundball, 6, EV 90.6 MPH)
Batting: RHB Dave Ruiz 0-0: Ball
1-0: Ball
2-0: Ball
3-0: Called Strike
3-1: Base on Balls
Batting: SHB Bryan Johnston Pickoff Throw to First - Out! 1-3
Top of the 4th over - 0 runs, 0 hits, 0 errors, 0 left on base; Louisville 3 - Reno 4
BOTTOM OF THE 4TH
Reno Aces batting - Pitching for Louisville Bats : RHP Justin Ezzell
Batting: RHB Xavier Castellanos 0-0: Ball
1-0: Swinging Strike
1-1: Foul Ball, location: 2F
1-2: Fly out, F7 (Flyball, 7, EV 93.1 MPH)
Batting: RHB Marlon Reda 0-0: Ball
1-0: Foul Ball, location: 2F
1-1: Ground out U3 (Groundball, 3, EV 96.9 MPH)
Batting: RHB Ruben Garza 0-0: Ball
1-0: Ball
2-0: Ground out 4-3 (Groundball, 4, EV 108.8 MPH)
Bottom of the 4th over - 0 runs, 0 hits, 0 errors, 0 left on base; Louisville 3 - Reno 4
TOP OF THE 5TH
Louisville Bats batting - Pitching for Reno Aces : RHP Marcos Tejeda
Batting: SHB Bryan Johnston 0-0: Called Strike
0-1: Fly out, F9 (Line Drive, 9, EV 93.1 MPH)
Batting: RHB Won-jun Park 0-0: Ball
1-0: Ball
2-0: SINGLE (Groundball, 56D, EV 95.6 MPH)
Batting: LHB Randy Racine 0-0: Called Strike
0-1: Ball
1-1: SINGLE (Line Drive, 4MD, EV 98.1 MPH)
Won-jun Park to second
Runner from 2nd tries for 3rd, OUT after rundown.
Batting: RHB Juan Reyes 0-0: Called Strike
0-1: Ball
1-1: Called Strike
1-2: Fielders Choice at 2nd, 5-4 (Groundball, 5L, EV 78.8 MPH)
Top of the 5th over - 0 runs, 2 hits, 0 errors, 1 left on base; Louisville 3 - Reno 4
BOTTOM OF THE 5TH
Reno Aces batting - Pitching for Louisville Bats : RHP Justin Ezzell
Batting: SHB Carlos Rodriguez 0-0: Called Strike
0-1: Ball
1-1: Ball
2-1: Ball
3-1: Called Strike
3-2: Ground out 2-3 (Groundball, 2L, EV 71.9 MPH)
Batting: LHB Bobby Arevalo 0-0: Called Strike
0-1: Foul Ball, location: 2F
0-2: Ball
1-2: Ground out U3 (Groundball, 23, EV 91.9 MPH)
Batting: RHB Ji-an Li 0-0: Called Strike
0-1: Ball
1-1: Called Strike
1-2: Foul Ball, location: 2F
1-2: Ball
2-2: Strikes out swinging
Bottom of the 5th over - 0 runs, 0 hits, 0 errors, 0 left on base; Louisville 3 - Reno 4
TOP OF THE 6TH
Louisville Bats batting - Pitching for Reno Aces : RHP Marcos Tejeda
Batting: RHB Chase Briney 0-0: Ball
1-0: Called Strike
1-1: Ground out 6-3 (Groundball, 6, EV 98.1 MPH)
Batting: LHB Satoru Handa 0-0: Ball
1-0: Ball
2-0: Ball
3-0: Called Strike
3-1: Base on Balls
Batting: RHB Colin Lord 0-0: Ball
1-0: Ball
2-0: Foul Ball, location: 2F
2-1: Ground out 5-3 (Groundball, 25, EV 80.6 MPH)
Satoru Handa to second
Batting: RHB Ryan Short 0-0: Called Strike
0-1: Ball
1-1: Ball
2-1: Ball
3-1: Foul Ball, location: 2F
3-2: Foul Ball, location: 2F
3-2: SINGLE (Groundball, 6S, EV 70.6 MPH) (infield hit)
Satoru Handa to third
Batting: RHB Dave Ruiz 0-0: SINGLE (Line Drive, 5D, EV 96.2 MPH)
Satoru Handa scores
Ryan Short to second
Runner from 2nd tries for 3rd, OUT! 7-5
Top of the 6th over - 1 run, 2 hits, 0 errors, 1 left on base; Louisville 4 - Reno 4
BOTTOM OF THE 6TH
Reno Aces batting - Pitching for Louisville Bats : RHP Justin Ezzell
Pitching: RHP Gary King
Batting: LHB Ian Jarvis 0-0: Called Strike
0-1: Fly out, F9 (Line Drive, 89M, EV 93.8 MPH)
Batting: LHB Steve Reinhart 0-0: Called Strike
0-1: Foul Ball, location: 2F
0-2: Ball
1-2: Ball
2-2: Foul Ball, location: 2F
2-2: Foul Ball, location: 2F
2-2: Foul Ball, location: 2F
2-2: SINGLE (Groundball, 5S, EV 74.4 MPH) (infield hit)
Batting: RHB Seth Tramontano 0-0: Ball
1-0: SINGLE (Groundball, 34D, EV 103.1 MPH)
Steve Reinhart to second
Runner from 2nd tries for 3rd, SAFE, no throw by RF
Batting: RHB Xavier Castellanos 0-0: Ball
Seth Tramontano steals 2nd base
1-0: Called Strike
1-1: Ball
2-1: Ball
3-1: Base on Balls
Pinch Hitting: LHB Kyle Beaulieu 0-0: Foul Ball, location: 2F
0-1: Foul Ball, location: 2F
0-2: Strikes out swinging
Batting: RHB Ruben Garza 0-0: Ball
1-0: Ball
2-0: Ball
3-0: Called Strike
3-1: Foul Ball, location: 2F
3-2: Foul Ball, location: 2F
3-2: Ground out 5-3 (Groundball, 5, EV 86.9 MPH)
Bottom of the 6th over - 0 runs, 2 hits, 0 errors, 3 left on base; Louisville 4 - Reno 4
TOP OF THE 7TH
Louisville Bats batting - Pitching for Reno Aces : RHP Marcos Tejeda
Now at 3B: Kyle Beaulieu
Now at SS: Steve Reinhart
Batting: SHB Bryan Johnston 0-0: Ball
1-0: Ball
2-0: Ball
3-0: Base on Balls
Batting: RHB Won-jun Park 0-0: Called Strike
0-1: Called Strike
Bryan Johnston steals 2nd base
0-2: Ball
1-2: Ground out 5-3 (Groundball, 56S, EV 83.8 MPH)
Batting: LHB Randy Racine 0-0: Intentional Walk
Pitching: RHP Bill Pauley
Batting: RHB Juan Reyes 0-0: Swinging Strike
0-1: Ball
Bryan Johnston steals 3rd base
1-1: Swinging Strike
1-2: Ground out 4-3 (Groundball, 6, EV 90.0 MPH)
Randy Racine to second
Batting: RHB Chase Briney 0-0: Ball
1-0: DOUBLE (Line Drive, 9LM, EV 109.4 MPH)
Bryan Johnston scores
Randy Racine scores
Batting: LHB Satoru Handa 0-0: Ball
1-0: Ground out 4-3 (Groundball, 4, EV 96.9 MPH)
Top of the 7th over - 2 runs, 1 hit, 0 errors, 1 left on base; Louisville 6 - Reno 4
BOTTOM OF THE 7TH
Reno Aces batting - Pitching for Louisville Bats : RHP Gary King
Batting: SHB Carlos Rodriguez 0-0: Called Strike
0-1: Ball
1-1: Foul Ball, location: 2F
1-2: Foul Ball, location: 2F
1-2: Foul Ball, location: 2F
1-2: Ball
2-2: Ground out 3-1 (Groundball, 34, EV 80.6 MPH)
Batting: LHB Bobby Arevalo 0-0: Ball
1-0: Fly out, F9 (Line Drive, 9LS, EV 99.4 MPH)
Batting: RHB Ji-an Li 0-0: Called Strike
0-1: Ball
1-1: Ball
2-1: Fly out, F9 (Flyball, 89M, EV 90.0 MPH)
Bottom of the 7th over - 0 runs, 0 hits, 0 errors, 0 left on base; Louisville 6 - Reno 4
TOP OF THE 8TH
Louisville Bats batting - Pitching for Reno Aces : RHP Bill Pauley
Batting: RHB Colin Lord 0-0: Foul Ball, location: 2F
0-1: Foul Ball, location: 2F
0-2: Ball
1-2: Foul Ball, location: 2F
1-2: Foul Ball, location: 2F
1-2: SINGLE (Groundball, 6MD, EV 101.9 MPH)
Batting: RHB Ryan Short 0-0: Bunt missed!
0-1: Ball
1-1: Bunted foul
1-2: Ball
2-2: TRIPLE (Line Drive, 89XD, EV 103.1 MPH)
Colin Lord scores
Batting: RHB Dave Ruiz 0-0: Called Strike
0-1: Swinging Strike
0-2: Strikes out swinging
Batting: SHB Bryan Johnston 0-0: Foul Ball, location: 2F
0-1: Ground out 4-3 (Groundball, 4, EV 87.5 MPH)
Ryan Short scores
Batting: RHB Won-jun Park 0-0: Called Strike
0-1: Called Strike
0-2: Ball
1-2: Foul Ball, location: 2F
1-2: Fly out, F9 (Line Drive, 9LM, EV 88.1 MPH)
Top of the 8th over - 2 runs, 2 hits, 0 errors, 0 left on base; Louisville 8 - Reno 4
BOTTOM OF THE 8TH
Reno Aces batting - Pitching for Louisville Bats : RHP Gary King
Pitching: RHP Tim Beck
Batting: LHB Ian Jarvis 0-0: Foul Ball, location: 2F
0-1: Ball
1-1: SINGLE (Groundball, 56D, EV 94.4 MPH)
Batting: LHB Steve Reinhart 0-0: Grounds into double play, 4-6-3 (Groundball, 4, EV 110.0 MPH)
Batting: RHB Seth Tramontano 0-0: Called Strike
0-1: Ball
1-1: Ball
2-1: Called Strike
2-2: Strikes out swinging
Bottom of the 8th over - 0 runs, 1 hit, 0 errors, 0 left on base; Louisville 8 - Reno 4
TOP OF THE 9TH
Louisville Bats batting - Pitching for Reno Aces : RHP Bill Pauley
Pitching: RHP Jose Fernandez
Batting: LHB Randy Racine 0-0: Ball
1-0: Called Strike
1-1: Called Strike
1-2: Foul Ball, location: 2F
1-2: Foul Ball, location: 2F
1-2: Strikes out swinging
Batting: RHB Juan Reyes 0-0: Ball
1-0: Foul Ball, location: 2F
1-1: Ball
2-1: Fly out, F7 (Flyball, 78M, EV 89.4 MPH)
Batting: RHB Chase Briney 0-0: Ball
1-0: Foul Ball, location: 2F
1-1: Ground out 4-3 (Groundball, 4, EV 101.2 MPH)
Top of the 9th over - 0 runs, 0 hits, 0 errors, 0 left on base; Louisville 8 - Reno 4
BOTTOM OF THE 9TH
Reno Aces batting - Pitching for Louisville Bats : RHP Tim Beck
Batting: RHB Xavier Castellanos 0-0: Called Strike
0-1: Ball
1-1: Foul Ball, location: 2F
1-2: Foul Ball, location: 2F
1-2: Ball
2-2: Foul Ball, location: 2F
2-2: SINGLE (Groundball, 56D, EV 101.2 MPH)
Batting: LHB Kyle Beaulieu 0-0: Ball
1-0: Foul Ball, location: 2F
1-1: Fly out, F8 (Flyball, 8RD, EV 73.8 MPH)
Batting: RHB Ruben Garza 0-0: Ball
1-0: Ball
2-0: SINGLE (Line Drive, 9S, EV 98.8 MPH)
Xavier Castellanos to second
Pitching: RHP Giovonni Morgia
Batting: SHB Carlos Rodriguez 0-0: Ball
1-0: Called Strike
1-1: Swinging Strike
1-2: Ball
2-2: Strikes out swinging
Batting: LHB Bobby Arevalo 0-0: Called Strike
0-1: Swinging Strike
0-2: Strikes out looking
Bottom of the 9th over - 0 runs, 2 hits, 0 errors, 2 left on base; Louisville 8 - Reno 4
Thursday, December 15th , 2022 - OOTP Baseball 23.9 Build 102